 Dungeon Sprint DCSS version 0.20-a0-268-gb6bde61 (webtiles) character file.

8 esc the Vexing (level 2, -2/13 HPs)
             Began as a Felid Enchanter on Dec 7, 2016.
             Was an Initiate of Dithmenos.
             Slain by an air elemental (15 damage)
             ... in the Dungeon (Sprint V: "Ziggurat Sprint").
             The game lasted 00:00:36 (45 turns).

esc the Vexing (Felid Enchanter)                      Turns: 45, Time: 00:00:37

Health: -2/13      AC:  1    Str:  4    XL:     2   Next: 0%
Magic:  1/7        EV: 22    Int: 16    God:    Dithmenos [......]
Gold:   0          SH:  0    Dex: 28    Spells: 4/7 levels left
                                        Lives:  0   Deaths: 0

rFire  . . .     SeeInvis +       - Unarmed
rCold  . . .     Gourm    .     (armour unavailable)
rNeg   . . .     Faith    .     (shield unavailable)
rPois  .         Spirit   .     (helmet unavailable)
rElec  .         Reflect  .     (cloak unavailable)
rCorr  .         Harm     .     (gloves unavailable)
MR     .....     NoTele   +     (boots unavailable)
Stlth  ++++......               (no amulet)
                                x - +6 ring of dexterity
                                w - +6 ring of dexterity

@: quick
A: no armour, no weapons or thrown items, stealth, claws 1, fangs 3, see
invisible, carnivore 3, speed 1, shaggy fur 1, slow metabolism 1, sharp paws
a: Renounce Religion


You were in the Dungeon.
You worshipped Dithmenos.
Dithmenos was noncommittal.
You were not hungry.

You visited 1 branch

Inventory:

Jewellery
 w - a +6 ring of dexterity (left paw)
   (You found it in the Dungeon)
 x - a +6 ring of dexterity (right paw)
   (You found it in the Dungeon)
 y - a +6 ring of intelligence
   (You found it in the Dungeon)
 z - a +6 ring of intelligence
   (You found it in the Dungeon)
 A - a +6 ring of strength
   (You found it in the Dungeon)
 B - a +6 ring of strength
   (You found it in the Dungeon)
Wands
 D - a wand of disintegration (7/24)
   (You found it in the Dungeon)
 E - a wand of iceblast (5/15)
   (You found it in the Dungeon)
 F - a wand of lightning (5/15)
   (You found it in the Dungeon)
 G - a wand of acid (5/15)
   (You found it in the Dungeon)
Scrolls
 h - 4 scrolls of blinking {!r}
 o - 4 scrolls of amnesia
 p - 3 scrolls of recharging
 q - 7 scrolls of fog
 r - a scroll of holy word {!r}
 s - 5 scrolls of identify
 t - 5 scrolls of remove curse
 u - 2 scrolls of fear
Potions
 c - 10 potions of curing
 d - 9 potions of heal wounds
 e - 6 potions of haste
 f - 7 potions of magic
 g - 3 potions of berserk rage {!q}
 i - 2 potions of brilliance
 j - 2 potions of invisibility
 k - 4 potions of resistance
 m - 5 potions of agility
 n - 5 potions of might
Books
 a - a book of Maledictions
Miscellaneous
 v - a disc of storms
   (You found it in the Dungeon)
 C - a crystal ball of energy
   (You found it in the Dungeon)
Comestibles
 b - 5 meat rations {@e2}


   Skills:
 - Level 2.8 Fighting
 + Level 4.6 Dodging
 + Level 5.9 Stealth
 + Level 3.0 Unarmed Combat
 + Level 3.3 Spellcasting
 + Level 6.2 Hexes


You had 4 spell levels left.
You knew the following spells:

 Your Spells              Type           Power        Failure   Level  Hunger
a - Ensorcelled Hibernat  Hex/Ice        ##....       10%         2    ##.....
v - Corona                Hex            ###....      1%          1    None


Dungeon Overview and Level Annotations

Branches:
Dungeon (1/1)

Altars:
Ashenzari
Cheibriados
Dithmenos
Elyvilon
Fedhas
Gozag
Hepliaklqana
Kikubaaqudgha
Makhleb
Nemelex Xobeh
Okawaru
Qazlal
Ru
Sif Muna
Trog
Uskayaw
Vehumet
Xom
Yredelemnul
Zin
The Shining One
Beogh
Jiyva
Lugonu


Innate Abilities, Weirdness & Mutations

You cannot wear armour.
You are incapable of wielding weapons or throwing items.
Your paws allow you to move quietly. (Stealth)
You have sharp claws.
You have razor-sharp teeth.
You have supernaturally acute eyesight. (SInv)
You are carnivorous and can eat meat at any time.
You cover ground quickly.
You are covered in fur. (AC +1)
You have a slow metabolism.
Your sharp claws are effective at attacking unaware monsters.


Message History

Welcome, esc the Felid Enchanter.
Found eighteen items.
Found eleven altars.
Found a staircase leading out of the dungeon.
Found seven altars.
i - 2 potions of brilliance;
j - 2 potions of invisibility
e - 6 potions of haste (gained 5);
k - 4 potions of resistance
l - a potion of experience;
f - 7 potions of magic (gained 5)
m - 5 potions of agility;
n - 5 potions of might
g - 3 potions of berserk rage {!q} (gained 2)
d - 10 potions of heal wounds (gained 9)
c - 10 potions of curing (gained 9)
Found six altars.
o - 4 scrolls of amnesia;
p - 3 scrolls of recharging;
q - 7 scrolls of fog
r - a scroll of holy word {!r};
s - 5 scrolls of identify
t - 5 scrolls of remove curse;
u - 2 scrolls of fear
h - 4 scrolls of blinking {!r} (gained 3)
b - 5 meat rations {@e2} (gained 4)
Things that are here:
42 fruits; 4 bread rations {@e1}
v - a disc of storms
w - a +6 ring of dexterity;
x - a +6 ring of dexterity
y - a +6 ring of intelligence;
z - a +6 ring of intelligence
A - a +6 ring of strength;
B - a +6 ring of strength You see here an uncursed ring of flight {+Fly, !d}.
C - a crystal ball of energy You see here an uncursed staff of energy {@w1+MP, hungerless spells, !d!a}.
D - a wand of disintegration (7/24);
E - a wand of iceblast (5/15)
F - a wand of lightning (5/15);
G - a wand of acid (5/15)
You feel more experienced!
Your Fighting skill gained 2 levels and is now at level 2!
Your Dodging skill gained 2 levels and is now at level 4!
Your Stealth skill increases to level 5!
Your Unarmed Combat skill gained 2 levels and is now at level 3!
Your Spellcasting skill increases to level 3!
Your Hexes skill gained 2 levels and is now at level 6!
You have reached level 2!
Health restored: 13 Put on which piece of jewellery? (? for menu, Esc to quit)
You feel agile.
w - a +6 ring of dexterity (left paw) Put on which piece of jewellery? (? for menu, Esc to quit)
You feel agile.
x - a +6 ring of dexterity (right paw) You're too inexperienced to learn that spell!
Memorise Ensorcelled Hibernation, consuming 2 spell levels and leaving 4?
You start memorising the spell.
You continue memorising. x2
You finish memorising.
Spell assigned to 'a'.
Things that are here:
42 fruits; 4 bread rations {@e1}
Things that are here:
a +5 bardiche; a +5 demon trident
Items here: ((( )))))))
There is a shadowy altar of Dithmenos here.
You sit before the altar of Dithmenos.
Dithmenos welcomes you!
You see here a +5 lajatang.
Things that are here:
a +5 quick blade; a +5 rapier; a +5 dagger Your surroundings seem different!
Welcome to arena 1.
An air elemental and a deep elf mage come into view.
The deep elf mage shouts!
The air elemental hits you.
You take 2 damage, and have 11/13 hp.
MP restored: 7
Aim: a deep elf mage, wielding a long sword and wearing a ring mail (chance to defeat MR: 26%)
The deep elf mage resists with almost no effort.
The air elemental closely misses you. The air elemental misses you.
The deep elf mage mumbles some strange words.
The deep elf mage conjures a globe of magical energy!
A battlesphere comes into view.
You now have 5/7 mp.
Aim: a deep elf mage, wielding a long sword and wearing a ring mail (chance to defeat MR: 26%)
The deep elf mage resists with almost no effort.
The air elemental barely misses you.
The air elemental completely misses you.
The deep elf mage misses you. The air elemental hits you!
Ouch! That really hurt!
You take 7 damage, and have 4/13 hp.
MASSIVE DAMAGE!!
You now have 3/7 mp.
Aim: a deep elf mage, wielding a long sword and wearing a ring mail (chance to defeat MR: 26%)
The deep elf mage resists with almost no effort.
The air elemental closely misses you.
The air elemental completely misses you.
The deep elf mage misses you.
You now have 1/7 mp.
You don't have enough magic to cast that spell.
You feel much better.
The air elemental completely misses you.
The air elemental barely misses you. The air elemental hits you!
Ouch! That really hurt!
You die...

▓▓▓▓▓▓▓
▓.8©8.▓
▓..*..▓
▓.).:.▓
▓.eE..▓
▓..@..▓
▓.....▓
▓▓▓▓▓▓▓


You could see a deep elf mage, an air elemental and a battlesphere.

Vanquished Creatures (others)
  A spatial maelstrom (D)
1 creature vanquished.

Notes
Turn   | Place    | Note
-------+----------+-------------------------------------------
     0 | D        | esc the Felid Enchanter began the quest for the Orb.
     0 | D        | Reached XP level 1. HP: 7/7 MP: 4/4
     0 | D        | Found a deep blue altar of Sif Muna.
     0 | D        | Found a sacrificial altar of Ru.
     0 | D        | Found a bloodstained altar of Trog.
     0 | D        | Found a stormy altar of Qazlal.
     0 | D        | Found an iron altar of Okawaru.
     0 | D        | Found a sparkling altar of Nemelex Xobeh.
     0 | D        | Found a blossoming altar of Fedhas.
     2 | D        | Found an ancient bone altar of Kikubaaqudgha.
     2 | D        | Found a viscous altar of Jiyva.
     2 | D        | Found a corrupted altar of Lugonu.
     2 | D        | Found a hazy altar of Hepliaklqana.
     2 | D        | Found a burning altar of Makhleb.
     2 | D        | Found an opulent altar of Gozag.
    14 | D        | Banished a spatial maelstrom
    17 | D        | Reached skill level 2 in Fighting
    17 | D        | Reached skill level 4 in Dodging
    17 | D        | Reached skill level 5 in Stealth
    17 | D        | Reached skill level 3 in Unarmed Combat
    17 | D        | Reached skill level 3 in Spellcasting
    17 | D        | Reached skill level 6 in Hexes
    17 | D        | Reached XP level 2. HP: 13/13 MP: 5/7
    23 | D        | Learned a level 2 spell: Ensorcelled Hibernation
    33 | D        | Became a worshipper of Dithmenos the Shadowed
    40 | D        | Entered arena 1.
    40 | D        | Noticed a deep elf mage
    40 | D        | Noticed an air elemental
    45 | D        | Slain by an air elemental

Vault maps used:
D:        sprint_v

Skill      XL: |  1 |
---------------+----+-----
Fighting       | 2 |  2.8
Dodging        | 4 |  4.6
Stealth        | 5 |  5.9
Unarmed Combat | 3 |  3.0
Spellcasting   | 3 |  3.3
Hexes          | 6 |  6.2

Action                   || total
-------------------------++-------
 Cast: Ensorcelled Hiber ||     3
  Use: Potion            ||     2
Dodge: Dodged            ||    10

Vault maps used:
D:        sprint_v

Table legend:
 A = Turns spent in this place as a percentage of turns spent in the entire game.
 B = Non-inter-level travel turns spent in this place as a percentage of non-inter-level travel turns spent in the entire game.
 C = Inter-level travel turns spent in this place as a percentage of turns spent in this place.
 D = Turns resting spent in this place as a percentage of non-inter-level travel turns spent in this place.
 E = Turns spent auto-exploring this place as a percentage of non-inter-level travel turns spent in this place.
 F = Non-inter-level travel turns spent in this place divided by the number of levels of this place that you've seen.
                   A       B       C       D       E      F
               +-------+-------+-------+-------+-------+----------------------
         Total | 100.0 | 100.0 |   0.0 |   0.0 |   0.0 |  39.0
       Dungeon | 100.0 | 100.0 |   0.0 |   0.0 |   0.0 |  39.0
               +-------+-------+-------+-------+-------+----------------------
